 Dungeon Crawl Stone Soup version 0.26-a0-597-gb535b0901c (webtiles) character file.

Game seed: 18215142056503573902

14865 Lugonue the Eclecticist (level 11, -3/55 HPs)
             Began as a Deep Elf Earth Elementalist on Aug 31, 2020.
             Was a High Priest of Vehumet.
             Slain by a slime creature (9 damage)
             ... on level 12 of the Dungeon.
             The game lasted 00:43:12 (13601 turns).

Lugonue the Eclecticist (DEEE)                     Turns: 13601, Time: 00:43:13

Health: -3/55      AC:  7    Str:  5    XL:     11   Next: 94%
Magic:  41/41      EV: 14    Int: 27    God:    Vehumet [*****.]
Gold:   763        SH:  0    Dex: 15    Spells: 17/40 levels left

rFire    . . .     SeeInvis .   Q - staff of earth
rCold    + . .     Faith    .   (no shield)
rNeg     . . .     Spirit   .   A - +2 robe {rC+}
rPois    .         Reflect  .   y - +0 helmet
rElec    .         Harm     .   (no cloak)
rCorr    .                      r - +1 pair of gloves
MR       +++..                  (no boots)
Stlth    ++++......             g - amulet of magic regeneration
HPRegen  0.18/turn              l - ring of magical power
MPRegen  0.52/turn              H - ring of the Mage {Wiz MR++ Int+3}

@: no status effects
A: no striking features
a: Renounce Religion


You were on level 12 of the Dungeon.
You worshipped Vehumet.
Vehumet was extremely pleased with you.
You visited 1 branch of the dungeon, and saw 13 of its levels.
You also visited: Sewer and Ossuary.

You collected 802 gold pieces.
You spent 39 gold pieces at shops.

Inventory:

Hand Weapons
 I - a +1 shortbow
Missiles
 b - 240 stones (quivered)
 d - 144 arrows
 B - 6 datura-tipped darts
 G - 37 poisoned darts
Armour
 q - a +0 robe of magic resistance
 r - a +1 pair of gloves (worn)
 y - a +0 helmet (worn)
 A - a +2 robe of cold resistance (worn)
Magical Staves
 Q - an uncursed staff of earth (weapon)
Jewellery
 a - an uncursed ring of protection from fire
 c - a +4 ring of protection
 e - an uncursed amulet of reflection
 g - an amulet of magic regeneration (around neck)
 i - a +6 ring of dexterity
 l - a ring of magical power (left hand)
 w - an uncursed ring of flight
 x - an uncursed ring of protection from magic
 F - an uncursed amulet of the acrobat {unknown}
 H - the ring of the Mage (right hand) {Wiz MR++ Int+3}
   (You acquired it on level 10 of the Dungeon)

   [ring of wizardry]

   It improves your spell success rate.
   It affects your intelligence (+3).
   It affects your resistance to hostile enchantments.
 L - an uncursed ring of stealth {unknown}
 M - an uncursed ring of protection from magic
 N - an uncursed ring of stealth {unknown}
Scrolls
 h - 7 scrolls of teleportation
 j - a scroll of fog
 k - 11 scrolls of remove curse
 p - 6 scrolls of magic mapping
 C - a scroll of amnesia
 J - 3 scrolls of enchant weapon
Potions
 f - 8 potions of heal wounds
 m - 2 potions of stabbing
 n - 4 potions of brilliance
 o - 7 potions of haste
 s - 3 potions of curing
 t - 2 potions of flight {unknown}
 u - 3 potions of degeneration {unknown}
 v - 3 potions of lignification {unknown}
 z - a potion of resistance {unknown}
 D - 2 potions of berserk rage {unknown}
 E - a potion of ambrosia {unknown}
 O - 2 potions of magic
 V - a potion of mutation {unknown}


   Skills:
 + Level 0.9 Fighting
 + Level 3.8 Dodging
 - Level 10.0 Stealth
 + Level 15.1 Spellcasting
 + Level 5.7 Conjurations
 + Level 3.9 Transmutations
 + Level 0.3 Fire Magic
 + Level 12.6 Earth Magic


You had 17 spell levels left.
You knew the following spells:

 Your Spells              Type           Power        Failure   Level
a - Stone Arrow           Conj/Erth      ######       1%          3
b - Passwall              Tmut/Erth      #######.     1%          2
c - Sandblast             Erth           ######       0%          1
d - Petrify               Tmut/Erth      #######.     1%          4
e - Lee's Rapid Deconstr  Erth           #######...   1%          5
f - Ignite Poison         Fire/Tmut/Pois ####....     1%          3
g - Fireball              Conj/Fire      #####.....   2%          5

Your spell library contained the following spells:

 Spells                   Type           Power        Failure   Level
 Yara's Violent Unravell  Hex/Tmut       ####......   4%          5


Dungeon Overview and Level Annotations

Branches:
Dungeon (13/15)            Temple (0/1) D:7            Lair (0/6) D:11
    Orc (0/2) D:12          Sewer (visited)         Ossuary (visited)
 Vaults: D:13-14

Altars:
Ashenzari
Elyvilon
Gozag
Hepliaklqana
Kikubaaqudgha
Qazlal
Ru
Sif Muna
Uskayaw
Vehumet

Shops:
D:8 }*=}   D:12 *


Message History

You feel a surge of power!
The worker ant bites you but does no damage.
You begin to meditate on the wall.
You continue meditating on the rock.
The worker ant completely misses you. The large slime creature misses you.
You continue meditating on the rock.
Magic restored.
The large slime creature closely misses you.
You continue meditating on the rock.
The large slime creature closely misses you.
The slime creature hits you!
The slime creature quivers.
You continue meditating on the rock.
The large slime creature hits you!
The slime creature hits you but does no damage.
You continue meditating on the rock.
The large slime creature hits you!!
* * * LOW HITPOINT WARNING * * *
Two slime creatures merge to form a very large slime creature.
The slime creature hits you!
You die...

.....##.#*#####....,,,**,** *,*
#$......###.......##.....####*,*
##..#.........#**..........>.,,**
##.#..l.####.J.##....#......,,,,
#..).#..##**#J##...........,,,,
##.l###..## *,.....#....?...,,,
#..# ##..###**#c#..........,**
#.W# ##.h.####>J..>.......,**
*#..# ###(e#@J{#.>........,,,
*...# ##.#J####.......).,,,
*#...#######...a.............,,,
**..#.......#...........#...##,**
,.............##..............,*
,**#####.............###....#.,**
,*,*,*,#....############......,,,
,*,,,,,#..........e.h..l......,,,
,+,,,,8#...........#####a.....,,,


You could see a very large slime creature, 2 slime creatures and a worker ant.

Vanquished Creatures
  Harold (D:7)
  2 two-headed ogres
  3 death yaks (D:11)
  A flayed ghost (D:9)
  Pikel (D:5)
  2 manticores (D:11)
  A troll (D:10)
  A hornet (D:10)
  3 hippogriffs
  Sigmund (D:4)
  7 wraiths
  A wyvern (D:10)
  7 yaks
  2 fire bats (D:9)
  Eustachio (D:6)
  Edmund (D:4)
  A porcupine (D:11)
  2 orc warriors
  2 ice beasts
  A phantom (D:5)
  2 sky beasts (D:10)
  2 centaurs
  7 ogres
  2 lemures (D:5)
  An elf zombie (Ossuary)
  6 big kobolds
  7 bullfrogs
  4 scorpions
  A water moccasin skeleton (D:8)
  4 howler monkeys
  5 killer bees (D:10)
  A bullfrog zombie (D:5)
  3 centaur zombies
  2 quasits
  3 human zombies (Ossuary)
  2 centaur skeletons
  6 hounds
  5 jellies
  12 orc priests
  12 orc wizards
  3 iguanas
  3 hell rats (D:11)
  8 worker ants
  A hound zombie (Ossuary)
  A hound skeleton (D:7)
  3 mummies (Ossuary)
  A worker ant zombie (D:8)
  12 adders
  3 gnolls (D:9)
  3 river rats
  A shadow imp (D:6)
  5 white imps
  4 ufetubi
  5 oozes
  An adder skeleton (D:4)
  3 adder zombies (Ossuary)
  6 worms
  3 dart slugs
  5 leopard geckos
  51 orcs
  6 ball pythons
  12 bats
  8 giant cockroaches
  4 gnoll zombies (Ossuary)
  14 goblins
  10 hobgoblins
  4 jackals (D:5)
  9 quokkas
  2 frilled lizards
  2 goblin zombies (Ossuary)
  3 hobgoblin zombies (Ossuary)
  A jackal skeleton (D:7)
  4 jackal zombies (Ossuary)
  13 kobolds
  A kobold zombie (Ossuary)
  A quokka skeleton (D:5)
  5 quokka zombies (Ossuary)
  18 rats
  5 rat zombies (Ossuary)
372 creatures vanquished.

Vanquished Creatures (others)
  An adder (D:12)
1 creature vanquished.

Grand Total: 373 creatures vanquished

Notes
Turn   | Place    | Note
-------+----------+-------------------------------------------
     0 | D:1      | Lugonue the Deep Elf Earth Elementalist began the quest for
                  | the Orb.
     0 | D:1      | Reached XP level 1. HP: 10/10 MP: 6/6
   339 | D:1      | Reached XP level 2. HP: 15/15 MP: 5/8
   987 | D:2      | Learned a level 2 spell: Passwall
  1122 | D:2      | Reached XP level 3. HP: 19/19 MP: 5/10
  1162 | D:2      | Learned a level 3 spell: Stone Arrow
  1623 | D:2      | Found a sacrificial altar of Ru.
  1626 | D:2      | Reached skill level 4 in Spellcasting
  1626 | D:2      | Reached XP level 4. HP: 24/24 MP: 12/12
  1842 | D:2      | Learned a level 4 spell: Petrify
  1991 | D:3      | Reached skill level 5 in Earth Magic
  1991 | D:3      | Reached XP level 5. HP: 28/28 MP: 6/14
  2102 | D:3      | Reached skill level 5 in Spellcasting
  2102 | D:3      | Reached skill level 1 in Conjurations
  2164 | D:3      | Found a glowing drain.
  2315 | Sewer    | Entered a sewer
  2335 | Sewer    | Reached XP level 6. HP: 27/32 MP: 12/16
  2398 | Sewer    | Reached skill level 6 in Spellcasting
  2547 | Sewer    | Reached XP level 7. HP: 36/37 MP: 1/19
  2554 | Sewer    | Reached skill level 7 in Spellcasting
  3529 | D:3      | Learned a level 5 spell: Lee's Rapid Deconstruction
  3952 | D:4      | Found a radiant altar of Vehumet.
  4159 | D:4      | Reached XP level 8. HP: 42/42 MP: 21/21
  4279 | D:4      | Reached skill level 8 in Spellcasting
  4375 | D:4      | Noticed Edmund
  4381 | D:4      | Noticed Sigmund
  4389 | D:4      | Killed Edmund
  4389 | D:4      | Reached skill level 5 in Stealth
  4532 | D:4      | Killed Sigmund
  4967 | D:4      | Became a worshipper of Vehumet
  4989 | D:5      | Entered Level 5 of the Dungeon
  5163 | D:5      | Found a sand-covered staircase.
  5167 | Ossuary  | Entered an ossuary
  5423 | Ossuary  | Reached * piety under Vehumet
  5423 | Ossuary  | Offered knowledge of Magic Dart by Vehumet.
  5459 | Ossuary  | Reached skill level 9 in Spellcasting
  6644 | D:5      | Noticed Pikel
  6664 | D:5      | Killed Pikel
  6664 | D:5      | Reached skill level 10 in Spellcasting
  6664 | D:5      | Reached XP level 9. HP: 36/46 MP: 0/25
  7013 | D:6      | Reached ** piety under Vehumet
  7062 | D:6      | Noticed Eustachio
  7066 | D:6      | Killed Eustachio
  7186 | D:6      | Offered knowledge of Shock by Vehumet.
  7999 | D:7      | Found a hazy altar of Hepliaklqana.
  8023 | D:7      | Reached skill level 11 in Spellcasting
  8131 | D:7      | Noticed Harold
  8631 | D:7      | Found a staircase to the Ecumenical Temple.
  8764 | D:7      | Killed Harold
  8764 | D:7      | Reached skill level 10 in Earth Magic
  8764 | D:7      | Reached XP level 10. HP: 19/51 MP: 27/27
  9152 | D:8      | Found Cyzxeis's General Store.
  9160 | D:8      | Bought a scroll of teleportation for 39 gold pieces
  9196 | D:8      | Reached skill level 12 in Spellcasting
  9197 | D:8      | Offered knowledge of Ignite Poison by Vehumet.
  9250 | D:7      | Learned a level 3 spell: Ignite Poison
  9352 | D:8      | Found Sehoucugh's Jewellery Emporium.
  9385 | D:8      | Found Xocir's Gadget Shop.
  9588 | D:8      | Reached *** piety under Vehumet
  9598 | D:8      | Found Muhium's Gadget Shoppe.
  9893 | D:8      | Found an opulent altar of Gozag.
  9899 | D:8      | Found a shattered altar of Ashenzari.
  9914 | D:8      | Found a shimmering blue altar of Sif Muna.
 10324 | D:9      | Found a white marble altar of Elyvilon.
 10328 | D:9      | Offered knowledge of Hailstorm by Vehumet.
 10351 | D:9      | Found a runed translucent door.
 10400 | D:9      | Found a stormy altar of Qazlal.
 10412 | D:9      | Found a hide-covered altar of Uskayaw.
 10412 | D:9      | Found an ancient bone altar of Kikubaaqudgha.
 10457 | D:9      | Found a stormy altar of Qazlal.
 10559 | D:9      | Found an ancient bone altar of Kikubaaqudgha.
 10855 | D:9      | Noticed a flayed ghost
 10864 | D:9      | Killed a flayed ghost
 10945 | D:10     | Entered Level 10 of the Dungeon
 10977 | D:10     | Reached skill level 13 in Spellcasting
 11070 | D:10     | Reached **** piety under Vehumet
 11118 | D:10     | Reached XP level 11. HP: 55/55 MP: 30/30
 11136 | D:10     | Identified a scroll of acquirement
 11136 | D:10     | Acquired the ring of the Mage {Wiz MR++ Int+3}
 11137 | D:10     | Found the ring of the Mage {Wiz MR++ Int+3}
 11141 | D:10     | Paralysed by a hornet for 1 turns
 11404 | D:10     | Reached skill level 5 in Conjurations
 11514 | D:10     | Noticed a two-headed ogre
 11518 | D:10     | Killed a two-headed ogre
 11518 | D:10     | Reached skill level 10 in Stealth
 11609 | D:10     | Offered knowledge of Fireball by Vehumet.
 11733 | D:10     | Reached skill level 14 in Spellcasting
 12213 | D:10     | Learned a level 5 spell: Fireball
 12641 | D:11     | Noticed a death yak
 12720 | D:11     | Noticed a death yak
 12720 | D:11     | Noticed a death yak
 12725 | D:11     | Killed a death yak
 12725 | D:11     | Killed a death yak
 13062 | D:11     | Killed a death yak
 13148 | D:11     | Found a staircase to the Lair.
 13157 | D:11     | Reached ***** piety under Vehumet
 13397 | D:12     | Noticed a two-headed ogre
 13406 | D:12     | Reached skill level 15 in Spellcasting
 13418 | D:12     | Killed a two-headed ogre
 13418 | D:12     | Offered knowledge of Yara's Violent Unravelling by Vehumet.
 13540 | D:12     | Noticed a deep elf mage
 13564 | D:12     | Noticed a brown ugly thing
 13568 | D:12     | Found Gumewkoq's Assorted Antiques.
 13601 | D:12     | Slain by a slime creature

Illustrated notes

Levels and vault maps discovered:
D:1:      onia_arrival_mini_spirals, layout_basic
D:2:      layout_basic, nicolae_ru_great_annihilating_truth,
          minmay_misc_feat_diagonals
D:3:      layout_loops_ring, gup_sewer_entry_glass
D:4:      layout_basic, lemuel_round_altar, st_stairs_5,
          sigmund_edmund_badplayer
D:5:      minmay_chambers_of_threes, layout_basic, chequers_ossuary_entry_cave,
          uniq_pikel, uniq_edmund
D:6:      kennysheep_six_static_rooms, layout_basic, uniq_eustachio
D:7:      layout_rooms, marbit_many_paths, temple_fountains, minivault_24,
          minmay_checkerbox, uniq_harold
D:8:      layout_rooms, minitemple, serial_shops, shop, shop, kennysheep_mini,
          nicolae_shop_behind_doors, minmay_door_square
D:9:      due_megacathedral, layout_small_grid
D:10:     layout_gridville
D:11:     layout_cross, dpeg_lair_monsters
D:12:     layout_rooms, orc_0_dummy, serial_shops, shop,
          gammafunk_ghost_spectres, gauntlet_entry_generic
D:13:     layout_basic, portal_ice_cave_entry_ice_beasts, lemuel_tele_altar

Skill      XL: |  1  2  3  4  5  6  7  8  9 10 11 |
---------------+----------------------------------+-----
Earth Magic    | 4 5 6 7 8 10 11 12 | 12.6
Spellcasting   | 4 5 6 7 10 11 13 15 | 15.1
Conjurations   | 1 2 3 4 5 |  5.7
Stealth        | 3 4 6 8 9 10 | 10.0
Transmutations | 2 3 |  3.9
Dodging        | 3 |  3.8
Fighting       | |  0.9
Fire Magic     | |  0.3

Action                   |  1- 3 |  4- 6 |  7- 9 | 10-12 || total
-------------------------+-------+-------+-------+-------++-------
Melee: Unarmed           |       |     3 |     2 |       ||     5
 Cast: Sandblast         |    37 |    55 |    50 |    16 ||   158
       Passwall          |     3 |       |    10 |     7 ||    20
       Stone Arrow       |     6 |    36 |   106 |   136 ||   284
       Lee's Rapid Decon |       |       |    69 |    64 ||   133
       Petrify           |       |       |    29 |    23 ||    52
       Fireball          |       |       |       |     3 ||     3
  Use: Scroll            |       |     5 |    11 |    10 ||    26
       Potion            |       |       |     2 |     3 ||     5
Armor: Robe              |     2 |       |    13 |    18 ||    33
Dodge: Dodged            |    12 |    26 |    35 |    69 ||   142

Table legend: (Time is in decaauts)
 A = Elapsed time spent in this place.
 B = Non-inter-level travel time spent in this place.
 C = Inter-level travel time spent in this place.
 D = Time resting spent in this place.
 E = Time spent auto-exploring this place.
 F = Levels seen in this place.
 G = Mean time per level.
                   A        B        C        D        E       F      G
               +--------+--------+--------+--------+--------+-----+--------+
         Total |  13733 |  13263 |    470 |    806 |  10048 |  15 |  915.5 |
       Dungeon |  12511 |  12041 |    470 |    798 |   9104 |  13 |  962.4 |
         Sewer |    800 |    800 |      0 |      0 |    644 |   1 |  800.0 |
       Ossuary |    421 |    421 |      0 |      8 |    300 |   1 |  421.0 |
               +--------+--------+--------+--------+--------+-----+--------+

Top non-repeatable levels by time:
    D:10: 1729 daAuts
     D:4: 1448 daAuts
     D:6: 1416 daAuts
     D:5: 1183 daAuts
     D:7: 1066 daAuts
     D:3: 1062 daAuts
     D:2: 1031 daAuts
     D:9: 988 daAuts
     D:1: 939 daAuts
    D:11: 844 daAuts
   Sewer: 800 daAuts
     D:8: 705 daAuts
 Ossuary: 421 daAuts
    D:12: 92 daAuts
    D:13: 2 daAuts
